AoeStats
← wqq1997

Pilgrims

509892957Analyzed
4v4 RM · 3d ago on Sep 28, 2026· 23m 7s· 8 players
Game mode
Random Map
Map size
Large (8 player)
Population
200
Speed
Normal
Resources
Standard
Victory
Conquest
Starting age
Dark Age
Ending age
Imperial Age
RankedLock teamsTeams togetherTeam positionsShared explorationLock speedFull tech treeHidden civsTurbo modeCheats
Victory
Defeat
🇮🇳 Dravidians · India
1154
+14
🇬🇧 Cumans · United Kingdom
1144
+14
🇯🇵 Turks · Japan
1084
+17
🇫🇷 Portuguese · France
1066
+18
🇨🇳 Armenians · China
1170
-18
🇪🇸 Goths · Spain
1129
-17
🇨🇳 Turks · China
1112
-16
🇨🇳 Bulgarians · China
1020
-12
523988158
伊御
wqq1997
Ace
5:52 Loom
13:02 Feudal Age
14:12 Double-Bit Axe
18:05 Castle Age
18:46 Fishing Lines
steven.gimenez
A-G-O-14
8:05 Loom
11:02 Feudal Age
11:41 Double-Bit Axe
13:01 Gold Mining
15:25 Wheelbarrow
15:10 Horse Collar
20:37 Castle Age
19:44 Forging
19:40 Scale Barding Armor
22:09 Iron Casting
21:55 Chain Barding Armor
21:49 Bloodlines
21:50 Bow Saw
Shini_gami
RomaSaga
5:49 Loom
12:43 Feudal Age
14:10 Double-Bit Axe
14:06 Horse Collar
14:16 Gold Mining
14:17 Stone Mining
17:04 Castle Age
15:40 Fishing Lines
17:18 Scale Barding Armor
16:42 Man-at-Arms
17:27 Scale Mail Armor
17:42 Forging
17:16 Long Swordsman
18:12 Bow Saw
18:03 Heavy Plow
18:32 Squires
19:59 Iron Casting
20:09 Chain Mail Armor
23:09 Fletching
Connection lost

Rejoining the realm…

Still unreachable

The connection could not be restored.

Session expired

The server has moved on; the page needs a fresh start.